 Dungeon Crawl Stone Soup version 0.17.1-2-g5865329 (webtiles) character file.

644 Clownie the Sneak (level 7, 0/55 HPs)
             Began as a Naga Wizard on Jan 29, 2016.
             Slain by a human zombie (5 damage)
             ... in an ossuary.
             The game lasted 00:08:29 (3846 turns).

Clownie the Sneak (Naga Wizard)                     Turns: 3846, Time: 00:08:30

Health: 0/55       AC: 11    Str:  8 (9)  XL:     7   Next: 52%
Magic:  11/13      EV:  8    Int: 20      God:
Gold:   255        SH:  0    Dex: 14      Spells: 4 memorised, 6 levels left

rFire  . . .     SeeInvis +     m - +2 mace (holy)
rCold  + . .     Clarity  .     i - +4 ring mail of Forking Paths {rC+}
rNeg   . . .     SustAt   .     (no shield)
rPois  +         Gourm    .     b - +0 hat
rElec  .         Spirit   .     (no cloak)
rCorr  .         Warding  .     n - +2 pair of gloves
rMut   .         Rnd*Tele +     (no barding)
MR     +....                    (no amulet)
Stlth  +++.......               (no ring)
                                g - +4 ring of dexterity

@: very slightly contaminated, very slow, somewhat resistant to hostile
enchantments, fairly stealthy
A: see invisible, deformed body, deterioration 1, magic resistance 1, poison
resistance, slowness 2, slow metabolism 1, spit poison 2, teleportitis 1, AC +2
a: Spit Poison


You were in an ossuary.
You were not hungry.

You visited 1 branch of the dungeon, and saw 5 of its levels.
You also visited: Ossuary.

You collected 255 gold pieces.

Inventory:

Hand Weapons
 e - a +0 dagger
 m - a +2 mace of holy wrath (weapon)
Armour
 b - a +0 hat (worn)
 i - the +4 ring mail of Forking Paths (worn) {rC+}
   (You found it on level 5 of the Dungeon)

   It protects you from cold.
 n - a +2 pair of gloves (worn)
Jewellery
 g - a +4 ring of dexterity (left hand)
Wands
 a - a wand of polymorph (16)
 q - a wand of slowing (13)
Scrolls
 f - a scroll of amnesia
 h - a scroll of magic mapping
 k - a scroll of random uselessness {unknown}
 l - a scroll of enchant armour
 o - a scroll of recharging
 t - a scroll of remove curse
 v - a scroll of enchant weapon
Potions
 j - 3 potions of brilliance
Books
 c - a book of Minor Magic

   Spells                             Type                      Level
   a - Magic Dart                     Conjuration                  1
   b - Blink                          Translocation                2
   c - Call Imp                       Summoning                    2
   d - Repel Missiles                 Charms/Air                   2
   e - Slow                           Hexes                        2
   f - Conjure Flame                  Conjuration/Fire             3
   g - Mephitic Cloud                 Conjuration/Poison/Air       3
Comestibles
 d - 4 bread rations
 w - 2 meat rations


   Skills:
 - Level 1.5 Dodging
 + Level 6.9 Stealth
 + Level 4.5 Spellcasting
 * Level 5.7 Conjurations
 - Level 1.0 Summonings
   Level 1.0 Translocations


You had 6 spell levels left.
You knew the following spells:

 Your Spells              Type           Power        Failure   Level  Hunger
a - Magic Dart            Conj           ####         4%          1    None
b - Call Imp              Summ           #.......     38%         2    #......
c - Conjure Flame         Conj/Fire      ###.....     41%         3    ##.....
d - Mephitic Cloud        Conj/Pois/Air  ##......     54%         3    ##.....


Dungeon Overview and Level Annotations

Branches:
Dungeon (5/15)
 Temple: D:4-7

Altars:
Elyvilon
Fedhas
Kikubaaqudgha
Nemelex Xobeh
Trog


Innate Abilities, Weirdness & Mutations

You cannot wear boots.
Your serpentine skin is tough (AC +2).
You have supernaturally acute eyesight.
Armour fits poorly on your strangely shaped body.
Your system is resistant to poisons.
You cover ground very slowly.
You have a slow metabolism.
You can spit poison.
Your body sometimes deteriorates upon taking damage.
You are resistant to hostile enchantments.
You are occasionally teleported next to monsters.


Message History

* * * LOW HITPOINT WARNING * * *
The goblin zombie hits you but does no damage.
The elf zombie hits you.
* * * LOW HITPOINT WARNING * * *
Press: ? - help, v - describe, . - travel
Here: a goblin zombie The floor.
Evoke which item? (* to show all) (? for menu, Esc to quit)
Okay, then.
Drink which item? (? for menu, Esc to quit)
Okay, then.
Read which item? (? for menu, Esc to quit)
Okay, then.
Casting: Conjure Flame
Confirm with . or Enter, or press ? or * to list all spells.
You miscast Call Imp.
You are very lightly contaminated with residual magic.
The world appears momentarily distorted.
The human zombie hits you.
You die...

#...#.......# #...#
#...#.....Z.# #...#
#...#.....Z.####Z#...#
#...#.ZM.MZ.Z.§ZZ#...#
#...#.####..####.#...#
#...# #..# #...# #...#
#..# #...#
#...######Z.######...#
#.......@ZZZ.........#
#......ZZ8Z.8........#
#.......Z.........
#.................
##################


You could see a rat zombie, a goblin zombie, a hobgoblin zombie, 2 kobold
zombies, an orc zombie, an elf zombie and a human zombie.

Vanquished Creatures
  An ogre (D:5)
  A centaur (D:5)
  A crimson imp (D:5)
  2 centaur zombies (Ossuary)
  3 giant frog skeletons
  Jessica (D:3)
  A hound (D:4)
  Terence (D:2)
  Natasha (thrice) (D:3)
  A hound zombie (D:5)
  3 mummies
  5 adders
  An adder zombie (Ossuary)
  2 worms (D:2)
  2 giant geckos
  5 orcs
  3 bat zombies (D:2)
  3 giant cockroaches (D:3)
  6 goblins
  5 hobgoblins
  4 jackals (D:4)
  A quokka (D:2)
  6 ball pythons
  5 bats
  A giant gecko skeleton (D:4)
  A giant newt (D:1)
  A goblin zombie (D:5)
  12 hobgoblin zombies (Ossuary)
  A jackal zombie (Ossuary)
  7 kobolds
  4 kobold zombies (Ossuary)
  5 orc zombies (Ossuary)
  A quokka skeleton (D:5)
  8 rats
  A rat zombie (Ossuary)
  A fungus (D:2)
109 creatures vanquished.

Notes
Turn   | Place    | Note
--------------------------------------------------------------
     0 | D:1      | Clownie the Naga Wizard began the quest for the Orb.
     0 | D:1      | Reached XP level 1. HP: 15/15 MP: 4/4
   115 | D:1      | Reached XP level 2. HP: 22/22 MP: 4/6
   157 | D:1      | Learned a level 2 spell: Call Imp
   600 | D:2      | Reached XP level 3. HP: 28/28 MP: 3/7
  1031 | D:2      | Reached skill level 4 in Stealth
  1184 | D:2      | Noticed Terence
  1196 | D:2      | Killed Terence
  1196 | D:2      | Reached XP level 4. HP: 21/36 MP: 0/9
  1285 | D:2      | Found a sparkling altar of Nemelex Xobeh.
  1347 | D:2      | Found a white marble altar of Elyvilon.
  1426 | D:2      | Found an ancient bone altar of Kikubaaqudgha.
  1661 | D:3      | Learned a level 3 spell: Conjure Flame
  1665 | D:3      | Learned a level 3 spell: Mephitic Cloud
  1685 | D:3      | Reached skill level 5 in Stealth
  1922 | D:3      | Noticed Jessica
  1924 | D:3      | Killed Jessica
  1924 | D:3      | Reached XP level 5. HP: 42/42 MP: 7/10
  2054 | D:3      | Noticed Natasha
  2059 | D:3      | Killed Natasha
  2178 | D:3      | Noticed Natasha
  2186 | D:3      | Killed Natasha
  2286 | D:3      | Noticed Natasha
  2288 | D:3      | Killed Natasha
  2556 | D:4      | Reached XP level 6. HP: 38/49 MP: 1/11
  2899 | D:4      | Found a blossoming altar of Fedhas.
  2966 | D:5      | Entered Level 5 of the Dungeon
  2978 | D:5      | Gained mutation: You are resistant to hostile enchantments. [potion of mutation]
  2978 | D:5      | Gained mutation: You are occasionally teleported next to monsters. [potion of mutation]
  2978 | D:5      | Gained mutation: Your body sometimes deteriorates upon taking damage. [potion of mutation]
  3026 | D:5      | Got a slimy ring mail
  3037 | D:5      | Identified the +4 ring mail of Forking Paths {rC+} (You found it on level 5 of the Dungeon)
  3110 | D:5      | Reached skill level 6 in Stealth
  3198 | D:5      | Reached skill level 5 in Conjurations
  3198 | D:5      | Reached XP level 7. HP: 30/55 MP: 0/13
  3423 | D:5      | Found a bloodstained altar of Trog.
  3467 | D:5      | Found a sand-covered staircase.
  3477 | Ossuary  | Entered an ossuary
  3846 | Ossuary  | Slain by a human zombie

Action                   |  1- 3 |  4- 6 |  7- 9 || total
-------------------------+-------+-------+-------++-------
Melee: Unarmed           |     5 |       |       ||     5
       Dagger            |    42 |    47 |    14 ||   103
       Mace              |       |       |    41 ||    41
 Cast: Magic Dart        |    55 |    98 |    48 ||   201
       Mephitic Cloud    |       |     2 |       ||     2
       Conjure Flame     |       |       |     1 ||     1
 Abil: Spit Poison       |    10 |    19 |       ||    29
  Use: Scroll            |       |    11 |       ||    11
       Potion            |       |     3 |       ||     3
 Stab: Sleeping          |     1 |     1 |     1 ||     3
       Distracted        |       |     1 |       ||     1
       Confused          |       |     1 |       ||     1
  Eat: Chunk             |       |     6 |       ||     6
       Meat ration       |       |       |     1 ||     1
